Map: Central Protocol

Players

NoN

  • Race: Zerg Zerg
  • League: Diamond

Seigifried - Winner!

  • Race: Protoss Protoss
  • League: Platinum

Event: Gauntlet LotV Series 1 Qualifier 2

VOD

Have the link to the VOD?

Description

Time

  • Played on: Dec. 5, 2015, 2:31 p.m.
  • Length: 5:22

All games in this series

Show
View Real Time Build Order
Export as new Build Order

NoN Zerg 

Build Orders: Hatch First 

Get SALT Encoding   

  12  0:01  Drone  
  13  0:12  Overlord  
  13  0:18  Drone  
  14  0:31  Drone x2  
  14  0:35  Drone  
  17  0:55  Hatchery  
  16  0:58  Drone  
  16  1:02  Extractor  
  16  1:03  Drone  
  17  1:16  Spawning Pool  
  17  1:18  Drone  
  17  1:24  Drone  
  18  1:30  Drone  
  19  1:40  Overlord  
  19  1:51  Drone  
  21  2:01  Drone  
  21  2:02  Metabolic Boost  
  21  2:04  Queen  
  21  2:06  Queen  
  25  2:10  Zergling x2  
  26  2:17  Drone  
  26  2:21  Drone  
  28  2:26  Drone  
  29  2:32  Drone x2  
  31  2:40  Drone  
  32  2:45  Extractor  
  32  2:50  Drone  
  32  2:53  Roach Warren  
  32  2:58  Drone x2  
  33  3:02  Drone  
  34  3:07  Overlord  
  34  3:20  Drone  
  34  3:21  Overlord x3  
  34  3:22  Overlord  
  35  3:33  Roach  
  35  3:34  Roach x3  
  43  3:42  Roach  
  45  3:49  Roach x4  
  45  3:53  Zergling x4  
  55  4:01  Zergling x4  
  57  4:06  Ravager x3  
  60  4:10  Zergling x4  
  60  4:13  Ravager  
  63  4:19  Overlord  
  63  4:21  Zergling x8  
  63  4:22  Zergling x2  
  68  4:26  Zergling x4  
  70  4:32  Zergling x4  
  72  4:43  Zergling x4  
  54  5:02  Zergling x6  
  54  5:03  Zergling x6  
Show
View Real Time Build Order
Export as new Build Order

Seigifried Protoss - Winner!

Build Orders:  

Get SALT Encoding   

  12  0:01  Probe (Chrono Boost)  
  13  0:12  Probe (Chrono Boost)  
  14  0:22  Pylon  
  14  0:26  Probe (Chrono Boost)  
  15  0:47  Gateway, Assimilator  
  15  0:51  Probe (Chrono Boost)  
  16  1:02  Probe (Chrono Boost)  
  17  1:05  Assimilator  
  17  1:12  Probe (Chrono Boost)  
  18  1:23  Probe (Chrono Boost)  
  19  1:26  Pylon  
  19  1:33  Probe (Chrono Boost)  
  20  1:44  Probe (Chrono Boost)  
  21  1:49  Cybernetics Core  
  21  1:54  Probe (Chrono Boost)  
  22  2:05  Probe (Chrono Boost)  
  24  2:15  Probe (Chrono Boost)  
  24  2:27  Nexus  
  24  2:35  Mothership Core (Chrono Boost)  
  26  2:44  Pylon, Warp Gate (Chrono Boost)  
  26  2:46  Adept  
  27  2:56  Gateway  
  27  3:03  Probe (Chrono Boost)  
  28  3:11  Gateway  
  28  3:29  Pylon  
  28  3:31  Probe (Chrono Boost)  
  28  3:32  Stalker  
  31  3:35  Gateway  
  31  3:46  Probe x2 (Chrono Boost)  
  33  4:02  Gateway  
  32  4:06  Sentry  
  32  4:08  Sentry x2  
  32  4:09  Probe  
  38  4:10  Probe  
  40  4:22  Robotics Facility  
  40  4:23  Probe (Chrono Boost)  
  40  4:24  Probe (Chrono Boost)  
  42  4:35  Probe (Chrono Boost)  
  43  4:39  Probe (Chrono Boost)  
  43  4:42  Stalker  
  46  4:46  Probe (Chrono Boost), Assimilator  
  46  4:50  Stalker  
  47  4:55  Stalker  
  47  4:59  Sentry  
  51  5:05  Pylon  
  47  5:08  Adept  
  47  5:11  Pylon  
  43  5:19  Sentry x3  
Tags
 
Add a new tag
Caveats
  • Supply blocks, unpowered buildings, or Contaminate may cause inaccurate times.
  • Supply counts are checked every 10 seconds.